 Dungeon Crawl Stone Soup version 0.23-a0-644-gb60d84b (webtiles) character file.

1723 Borgoz the Covert (level 9, -1/54 HPs)
             Began as a Kobold Assassin on Jan 2, 2019.
             Was a Follower of Dithmenos.
             Slain by a hippogriff (9 damage)
             ... on level 7 of the Dungeon.
             The game lasted 00:14:01 (6931 turns).

Borgoz the Covert (Kobold Assassin)                 Turns: 6931, Time: 00:14:06

Health: -1/54      AC:  3    Str: 12    XL:     9   Next: 25%
Magic:  9/9        EV: 18    Int: 12    God:    Dithmenos [*.....]
Gold:   60         SH:  0    Dex: 16    Spells: 8/8 levels left

rFire    + . .     SeeInvis +   a - +2 dagger (venom)
rCold    x . .     Gourm    .   (shield restricted)
rNeg     . . .     Faith    .   c - +0 robe
rPois    .         Spirit   .   (no helmet)
rElec    .         Reflect  .   d - +0 cloak
rCorr    .         Harm     .   (no gloves)
MR       .....                  (no boots)
Stlth    +++++.....             (no amulet)
HPRegen  0.18/turn              B - ring of fire
MPRegen  0.11/turn              C - ring of see invisible

@: wreathed by umbra
A: small, carnivore
a: Renounce Religion


You were on level 7 of the Dungeon.
You worshipped Dithmenos.
Dithmenos was aware of your devotion.
You were very full.

You visited 2 branches of the dungeon, and saw 8 of its levels.

You collected 285 gold pieces.
You spent 225 gold pieces at shops.

Inventory:

Hand Weapons
 a - a +2 dagger of venom (weapon)
 b - a +0 blowgun
 l - a +2 dagger
 v - the +6 long sword of Noon {speed, +Fly Int+6 Dex-4, unknown}
   (You found it on level 4 of the Dungeon)

   Attacks with this weapon are significantly faster.
   It affects your intelligence (+6).
   It affects your dexterity (-4).
   It lets you fly.
 y - a +0 dagger of chaos
Missiles
 e - 12 poisoned needles
 f - 2 curare-tipped needles
 A - 2 needles of confusion
Armour
 c - a +0 robe (worn)
 d - a +0 cloak (worn)
 m - a +0 chain mail
Jewellery
 B - a ring of fire (left hand)
 C - a ring of see invisible (right hand)
Wands
 x - a wand of acid (14)
 E - a wand of enslavement (8)
Scrolls
 h - a scroll of enchant armour {unknown}
 i - 4 scrolls of remove curse {unknown}
 k - 3 scrolls of blinking {unknown}
 o - 3 scrolls of teleportation {unknown}
 p - a scroll of immolation {unknown}
 s - 2 scrolls of identify {unknown}
 t - a scroll of random uselessness {unknown}
 u - a scroll of enchant weapon {unknown}
 w - 3 scrolls of amnesia {unknown}
 D - a scroll of fear {unknown}
Potions
 j - 3 potions of curing
 n - a potion of resistance {unknown}
 q - a potion of heal wounds {unknown}
 r - a potion of cancellation {unknown}
 z - a potion of lignification {unknown}
Comestibles
 g - 8 rations
 F - 2 chunks of flesh


   Skills:
 + Level 5.0 Fighting
 * Level 8.4 Short Blades
 + Level 5.0 Throwing
 + Level 5.1 Dodging
 * Level 10.0 Stealth


You had 8 spell levels left.
You didn't know any spells.
Your spell library contained the following spells:

 Spells                   Type           Power        Failure   Level  Hunger
 Corona                   Hex            #......      32%         1    ##.....
 Ensorcelled Hibernation  Hex/Ice        #.....       45%         2    ###....
 Confuse                  Hex            #.......     69%         3    ####...
 Dazzling Spray           Conj/Hex       #.....       69%         3    ####...
 Tukima's Dance           Hex            #.......     69%         3    ####...


Dungeon Overview and Level Annotations

Branches:
Dungeon (7/15)             Temple (1/1) D:5

Altars:
Cheibriados
Dithmenos
Elyvilon
Fedhas
Gozag
Hepliaklqana
Kikubaaqudgha
Makhleb
Nemelex Xobeh
Okawaru
Qazlal
Ru
Sif Muna
Uskayaw
Vehumet
Wu Jian
Xom
Yredelemnul
Zin
The Shining One

Shops:
D:4 !   D:6 =


Innate Abilities, Weirdness & Mutations

You are small and have problems with some larger weapons.
You are carnivorous and can eat meat at any time.


Message History

You kill the orc!
Dithmenos accepts your kill. The hippogriff bites you.
The hippogriff barely misses you. The hippogriff claws you!
* * * LOW HITPOINT WARNING * * *
The orc priest calls down the wrath of Beogh upon you.
Beogh smites you!
* * * LOW HITPOINT WARNING * * *
An orc comes into view. It is wielding a +0 falchion.
You see here a +0 giant club.
You hit the orc.
The orc is poisoned.
The orc is moderately wounded.
The orc misses you.
You feel better.
You kill the orc!
Dithmenos accepts your kill. The hippogriff bites you.
* * * LOW HITPOINT WARNING * * *
The hippogriff pecks you!
You die...

##### ###.#.#
#...... #.....#
#.....## #o)H.###
####..#@..###
###..#.o#)....#
##....o.##o...##
.#......<#....##
.......#....###
#....##....##
#.....o..#### #
#.......##..##
..###.....<......##


You could see a hippogriff, an orc wizard (invisible) and an orc.

Vanquished Creatures
  Eustachio (D:6)
  5 ogres
  2 bullfrogs
  A wyvern skeleton (D:3)
  A scorpion (D:6)
  A howler monkey (D:4)
  7 crimson imps
  An orc priest (D:3)
  5 hounds
  A bullfrog zombie (D:6)
  An iguana (D:4)
  2 orc wizards
  4 worker ants
  5 gnolls
  6 adders
  3 shadow imps
  An adder skeleton (D:6)
  3 worms
  7 dart slugs
  7 leopard geckos
  10 orcs
  11 bats
  9 giant cockroaches
  12 hobgoblins
  7 jackals
  3 quokkas
  3 ball pythons
  8 frilled lizards
  7 goblins
  A jackal zombie (D:3)
  10 kobolds
  A quokka zombie (D:6)
  5 rats
151 creatures vanquished.

Vanquished Creatures (others)
  A plant (D:5)
1 creature vanquished.

Grand Total: 152 creatures vanquished

Notes
Turn   | Place    | Note
-------+----------+-------------------------------------------
     0 | D:1      | Borgoz the Kobold Assassin began the quest for the Orb.
     0 | D:1      | Reached XP level 1. HP: 12/12 MP: 1/1
    70 | D:1      | Reached XP level 2. HP: 12/17 MP: 2/2
   395 | D:1      | Reached XP level 3. HP: 15/22 MP: 3/3
   615 | D:1      | Reached skill level 6 in Stealth
   925 | D:1      | Reached XP level 4. HP: 27/27 MP: 4/4
  1218 | D:3      | Reached XP level 5. HP: 31/31 MP: 5/5
  1293 | D:3      | HP: 1/31 [wyvern skeleton (10)]
  1770 | D:2      | Reached XP level 6. HP: 29/37 MP: 6/6
  2485 | D:3      | Noticed an ogre
  2516 | D:3      | Killed an ogre
  2516 | D:3      | Reached skill level 5 in Short Blades
  2516 | D:3      | Reached skill level 7 in Stealth
  2836 | D:3      | Reached XP level 7. HP: 23/41 MP: 7/7
  3576 | D:4      | Found Piteu's Distillery.
  3612 | D:4      | Reached skill level 8 in Stealth
  3754 | D:4      | Got a crude long sword
  4190 | D:4      | Reached XP level 8. HP: 44/48 MP: 8/8
  4236 | D:5      | Entered Level 5 of the Dungeon
  4369 | D:5      | Found a staircase to the Ecumenical Temple.
  4416 | D:5      | Found a sparkling altar of Nemelex Xobeh.
  4502 | Temple   | Entered the Ecumenical Temple
  4710 | Temple   | Became a worshipper of Dithmenos the Shadowed
  4817 | D:5      | Found a shimmering altar of Xom.
  5929 | D:6      | Reached skill level 9 in Stealth
  6187 | D:6      | Noticed Eustachio
  6214 | D:6      | Killed Eustachio
  6214 | D:6      | Reached XP level 9. HP: 15/52 MP: 9/9
  6495 | D:6      | Found Zykol's Jewellery Shop.
  6500 | D:6      | Bought an uncursed ring of see invisible for 225 gold
                  | pieces
  6862 | D:7      | Reached skill level 5 in Fighting
  6862 | D:7      | Reached skill level 5 in Dodging
  6883 | D:7      | Found an iron altar of Okawaru.
  6897 | D:7      | Reached * piety under Dithmenos
  6912 | D:7      | Noticed a hippogriff
  6919 | D:7      | Reached skill level 5 in Throwing
  6919 | D:7      | Reached skill level 10 in Stealth
  6931 | D:7      | Slain by a hippogriff

Vault maps used:
D:1:      psy_arrival_fountain, minmay_pentomino_u4
D:4:      serial_shops, shop
D:5:      lemuel_coloured_pillars_altar, temple_doors_e, first_ration,
          serial_bayou_pond_b, dk_noncrumbling_4, led_xom_imps
D:6:      serial_shops, kennysheep_little_box, uniq_eustachio
D:7:      chequers_temple_overflow_statue_of_worship, basic_altar
Temple:   dpeg_five_rooms_temple

Skill      XL: |  1  2  3  4  5  6  7  8  9 |
---------------+----------------------------+-----
Short Blades   | 3 4 5 6 7 8 |  8.4
Stealth        | 6 7 8 9 10 | 10.0
Dodging        | 2 3 4 5 |  5.1
Throwing       | 3 4 5 |  5.0
Fighting       | 3 4 5 |  5.0

Action                   |  1- 3 |  4- 6 |  7- 9 || total
-------------------------+-------+-------+-------++-------
Melee: Dagger            |    72 |   167 |   292 ||   531
 Fire: Blowgun           |     6 |     4 |    13 ||    23
  Use: Potion            |       |     2 |     1 ||     3
 Stab: Sleeping          |     9 |    24 |    13 ||    46
       Distracted        |       |       |     1 ||     1
  Eat: Chunk             |     8 |     6 |    12 ||    26
Armor: Robe              |    12 |    29 |    24 ||    65
Dodge: Dodged            |    44 |   111 |   178 ||   333

Table legend:
 A = Non-vault XP
 B = Vault XP
 C = Vault XP percentage of total XP
 D = Non-vault monster count
 E = Vault monster count
 F = Vault count percentage of total count
                 A         B        C        D         E       F
            +---------+---------+-------+---------+---------+-------
      Total |    2074 |     388 |  15.8 |     141 |      10 |   6.6
            +---------+---------+-------+---------+---------+-------
        D:1 |      66 |       8 |  10.8 |      24 |       5 |  17.2
        D:2 |     110 |       0 |   0.0 |      32 |       0 |   0.0
        D:3 |     397 |       0 |   0.0 |      40 |       0 |   0.0
        D:4 |     448 |       0 |   0.0 |      10 |       0 |   0.0
        D:5 |     273 |     192 |  41.3 |      13 |       4 |  23.5
        D:6 |     429 |     188 |  30.5 |      12 |       1 |   7.7
        D:7 |     351 |       0 |   0.0 |      10 |       0 |   0.0
            +---------+---------+-------+---------+---------+-------
